 Dungeon Crawl Stone Soup version 0.27-a0-1188-g73eefd5def (webtiles) character file.

Game seed: 17801786470607662167

6576 karrick the Covert (level 11, -2/81 HPs)
             Began as a Gnoll Enchanter on May 21, 2021.
             Was an Elder of Okawaru.
             Slain by an orc warrior
             ... wielding a +0 glaive
              (22 damage)
             ... on level 9 of the Dungeon.
             The game lasted 00:46:54 (16531 turns).

karrick the Covert (Gnoll Enchanter)               Turns: 16531, Time: 00:46:54

Health: -2/81      AC:  6    Str:  9    XL:     11   Next: 1%
Magic:  28/31      EV: 15    Int: 19    God:    Okawaru [****..]
Gold:   1257       SH:  0    Dex: 14    Spells: 13/25 levels left

rFire    . . .     SeeInvis .   B - +9 quarterstaff "Uvucod" {drain, rPois rN+ Int+4}
rCold    + . .     Faith    .   (shield currently unavailable)
rNeg     + . .     Spirit   .   b - +0 robe
rPois    +         Reflect  .   r - +0 helmet
rElec    .         Harm     .   (no cloak)
rCorr    .         Rampage  .   R - +1 pair of gloves
Will     .....                  (no boots)
Stlth    ++++......             (no amulet)
HPRegen  0.23/turn              o - ring of protection from cold
MPRegen  0.22/turn              f - ring of magical power

@: no status effects
A: fangs 1, strong nose, distributed training
a: Renounce Religion, Heroism


You were on level 9 of the Dungeon.
You worshipped Okawaru.
Okawaru was greatly pleased with you.
You visited 3 branches of the dungeon, and saw 12 of its levels.
You also visited: Sewer and Bailey.

You collected 1257 gold pieces.

Inventory:

Hand Weapons
 a - a +1 dagger
 g - a +2 vampiric short sword
 l - a +1 short sword of electrocution
 v - a +2 vorpal falchion
 w - a +4 hand axe
 B - the +9 quarterstaff "Uvucod" (weapon) {drain, rPois rN+ Int+4}
   (You found it on level 7 of the Dungeon)

   A truly terrible weapon, it drains the life of those it strikes.
   It affects your intelligence (+4).
   It protects you from poison.
   It protects you from negative energy.
 D - a +2 dagger of venom
 P - a +2 falchion of flaming
Armour
 b - a +0 robe (worn)
 r - a +0 helmet (worn)
 E - a +0 leather armour
 O - a +2 chain mail of fire resistance
 R - a +1 pair of gloves (worn)
Magical Staves
 C - a staff of poison
Jewellery
 f - a ring of magical power (right hand)
 o - a ring of protection from cold (left hand)
Wands
 q - a wand of flame (1)
 G - a wand of iceblast (9)
 H - a wand of digging (4)
 L - a wand of mindburst (7)
Scrolls
 d - 3 scrolls of fog
 e - 3 scrolls of immolation
 h - a scroll of magic mapping
 k - a scroll of amnesia {unknown}
 n - a scroll of vulnerability {unknown}
 p - a scroll of teleportation
 y - 2 scrolls of torment {unknown}
 F - a scroll of enchant weapon {unknown}
 I - 2 scrolls of enchant armour {unknown}
 J - a scroll of identify {unknown}
 N - 2 scrolls of blinking
Potions
 c - a potion of ambrosia {unknown}
 i - 2 potions of cancellation {unknown}
 j - a potion of attraction
 m - a potion of lignification
 s - 2 potions of haste {unknown}
 t - a potion of invisibility {unknown}
 x - a potion of berserk rage {unknown}
 z - a potion of resistance {unknown}
 A - a potion of curing
 M - 3 potions of brilliance {unknown}
 Q - a potion of mutation {unknown}
Miscellaneous
 u - a phantom mirror (inert)


   Skills:
 + Level 5.8 Fighting
 + Level 6.4 Short Blades
 + Level 5.8 Long Blades
 + Level 5.8 Axes
 + Level 5.8 Maces & Flails
 + Level 5.8 Polearms
 + Level 5.8 Staves
 + Level 5.8 Slings
 + Level 5.8 Bows
 + Level 5.8 Crossbows
 + Level 5.8 Throwing
 + Level 5.8 Armour
 + Level 7.5 Dodging
 + Level 8.4 Stealth
 + Level 5.8 Shields
 + Level 5.8 Unarmed Combat
 + Level 7.8 Spellcasting
 + Level 4.8 Conjurations
 + Level 7.4 Hexes
 + Level 4.8 Summonings
 + Level 4.8 Necromancy
 + Level 4.8 Translocations
 + Level 4.8 Transmutations
 + Level 4.8 Fire Magic
 + Level 4.8 Ice Magic
 + Level 4.8 Air Magic
 + Level 4.8 Earth Magic
 + Level 4.8 Poison Magic
 + Level 6.4 Invocations
 + Level 5.8 Evocations


You had 13 spell levels left.
You knew the following spells:

 Your Spells              Type           Power      Damage    Failure   Level
a - Corona                Hex            38%        N/A       1%          1
b - Confusing Touch       Hex            35%        N/A       1%          3
c - Tukima's Dance        Hex            35%        N/A       1%          3
d - Dazzling Flash        Conj/Hex       60%        N/A       2%          3
e - Searing Ray           Conj           50%        3d5       1%          2

Your spell library contained the following spells:

 Spells                   Type           Power      Damage    Failure   Level
 Magic Dart               Conj           100%       1d8       1%          1
 Ensorcelled Hibernation  Hex/Ice        60%        N/A       1%          2
 Gell's Gravitas          Tloc           12%        N/A       3%          3
 Fulminant Prism          Conj/Hex       15%        3d11      8%          4
 Iskenderun's Mystic Bla  Conj/Tloc      25%        2d7       13%         4
 Petrify                  Tmut/Erth      25%        N/A       13%         4
 Metabolic Englaciation   Hex/Ice        15%        N/A       22%         5
 Yara's Violent Unravell  Hex/Tmut       15%        3d8       22%         5


Dungeon Overview and Level Annotations

Branches:
Dungeon (10/15)            Temple (1/1) D:6            Lair (1/6) D:9
  Sewer (visited)          Bailey (visited)
    Orc: D:9-12

Altars:
Ashenzari
Cheibriados
Dithmenos
Elyvilon
Fedhas
Gozag
Hepliaklqana
Kikubaaqudgha
Makhleb
Nemelex Xobeh
Okawaru
Qazlal
Ru
Sif Muna
Trog
Uskayaw
Vehumet
Wu Jian
Xom
Yredelemnul
Zin
The Shining One

Annotations:
D:6 2 transporters, pigah's ghost, novice OpWn


Innate Abilities, Weirdness & Mutations

You have very sharp teeth.
Your uncanny sense of smell can sniff out nearby items.
Your experience applies equally to all skills.


Message History

There is a stone staircase leading down, spattered with blood here.
You hit the water moccasin.
The water moccasin is lightly wounded.
The water moccasin closely misses you.
You sock the water moccasin! You drain the water moccasin.
You bite the water moccasin, but do no damage.
The water moccasin is heavily wounded.
The water moccasin barely misses you. The water moccasin closely misses you.
You bludgeon the water moccasin!!
You kill the water moccasin!
Okawaru accepts your kill.
No target in view!
An orc warrior comes into view. It is wielding a +0 glaive.
There is a stone staircase leading up here.
An orc warrior is nearby!
Casting: Confusing Touch (safe; 1% risk of failure)
Confirm with . or Enter, or press ? or * to list all spells.
Aiming: Corona (safe; 1% risk of failure)
Press: ? - help, Shift-Dir - straight line, f - orc warrior
Aim: an orc warrior, wielding a +0 glaive and wearing a +0 plate armour (wandering, hasn't noticed you, chance to affect: 73%)
The orc warrior shouts!
The orc warrior is outlined in light.
Casting: Corona (safe; 1% risk of failure)
Confirm with . or Enter, or press ? or * to list all spells.
Your hands begin to glow red.
The orc warrior hits you with a +0 glaive!!
You hit the orc warrior but do no damage.
The orc warrior hits you with a +0 glaive!!
You are too injured to fight recklessly!
You hit the orc warrior but do no damage.
The orc warrior barely misses you.
You hit the orc warrior but do no damage.
You bite the orc warrior, but do no damage.
The orc warrior stops glowing.
The orc warrior hits you with a +0 glaive!
* * * LOW HITPOINT WARNING * * *
You hit the orc warrior but do no damage.
The orc warrior appears confused.
The orc warrior hits you with a +0 glaive!!
You die...

## .##..###.#
.......... .
.........### ..
#.....##..##
...##....##<..#
..............##
...............#..#
........)..#@.....#
............o....##
......#.>.#.....##
......##.##....##
..(.. ...........
#########.########
.# #.# ∆ o#


You could see an orc warrior (confused).

Vanquished Creatures
  2 orc knights (Bailey)
  A cyclops (D:8)
  A slime creature (D:9)
  Grinder (D:3)
  5 yaks
  A steam dragon (D:10)
  2 water moccasins
  2 sky beasts
  2 ice beasts
  3 orc warriors
  2 black bears
  A necrophage (D:4)
  7 ogres
  A centaur (D:7)
  A phantom (D:4)
  5 kobold brigands
  5 bullfrogs
  A scorpion (D:4)
  A gnoll sergeant (D:9)
  5 wights
  2 howler monkeys
  2 bullfrog zombies
  A centaur zombie (D:9)
  A jelly (D:7)
  3 orc priests
  A bullfrog skeleton (D:4)
  A gnoll shaman (D:6)
  2 centaur skeletons (D:5)
  5 orc wizards
  Robin (D:3)
  A howler monkey zombie (D:8)
  6 gnolls
  6 adders
  2 river rats
  A shadow imp (D:7)
  A white imp (D:6)
  2 adder skeletons (D:4)
  2 worms (D:4)
  4 dart slugs
  20 orcs
  11 ball pythons
  6 endoplasms
  A giant cockroach (D:1)
  10 hobgoblins
  11 jackals
  25 kobolds
  4 quokkas
  3 bats
  2 frilled lizards
  14 goblins
  10 rats
210 creatures vanquished.

Vanquished Creatures (collateral kills)
  4 yaks (D:8)
  2 water moccasins
  2 orcs (Bailey)
8 creatures vanquished.

Vanquished Creatures (others)
  16 plants
16 creatures vanquished.

Grand Total: 234 creatures vanquished

Notes
Turn   | Place    | Note
-------+----------+-------------------------------------------
     0 | D:1      | karrick the Gnoll Enchanter began the quest for the Orb.
     0 | D:1      | Reached XP level 1. HP: 13/13 MP: 6/6
   128 | D:1      | Found a faded altar of an unknown god.
   452 | D:1      | Reached XP level 2. HP: 13/19 MP: 5/7
  1322 | D:1      | Reached XP level 3. HP: 25/25 MP: 9/9
  1334 | D:1      | Reached skill level 5 in Spellcasting
  1718 | D:1      | Reached skill level 6 in Stealth
  2045 | D:1      | Learned a level 3 spell: Confusing Touch
  2312 | D:2      | Reached skill level 1 in Invocations
  2738 | D:2      | Reached skill level 1 in Fighting
  2738 | D:2      | Reached skill level 1 in Long Blades
  2738 | D:2      | Reached skill level 1 in Axes
  2738 | D:2      | Reached skill level 1 in Maces & Flails
  2738 | D:2      | Reached skill level 1 in Polearms
  2738 | D:2      | Reached skill level 1 in Staves
  2738 | D:2      | Reached skill level 1 in Slings
  2738 | D:2      | Reached skill level 1 in Bows
  2738 | D:2      | Reached skill level 1 in Crossbows
  2738 | D:2      | Reached skill level 1 in Throwing
  2738 | D:2      | Reached skill level 1 in Armour
  2738 | D:2      | Reached skill level 1 in Shields
  2738 | D:2      | Reached skill level 1 in Unarmed Combat
  2738 | D:2      | Reached skill level 1 in Evocations
  2738 | D:2      | Reached XP level 4. HP: 17/32 MP: 7/11
  3658 | D:3      | Noticed Robin
  4000 | D:3      | Killed Robin
  4001 | D:3      | Reached skill level 1 in Conjurations
  4001 | D:3      | Reached skill level 1 in Summonings
  4001 | D:3      | Reached skill level 1 in Necromancy
  4001 | D:3      | Reached skill level 1 in Translocations
  4001 | D:3      | Reached skill level 1 in Transmutations
  4001 | D:3      | Reached skill level 1 in Fire Magic
  4001 | D:3      | Reached skill level 1 in Ice Magic
  4001 | D:3      | Reached skill level 1 in Air Magic
  4001 | D:3      | Reached skill level 1 in Earth Magic
  4001 | D:3      | Reached skill level 1 in Poison Magic
  4515 | D:3      | Noticed an ogre
  4515 | D:3      | Noticed an ogre
  4524 | D:3      | Noticed Grinder
  4527 | D:3      | Paralysed by Grinder for 3 turns
  4548 | D:3      | Killed Grinder
  4549 | D:3      | Reached XP level 5. HP: 5/38 MP: 8/12
  4549 | D:3      | Reached XP level 6. HP: 5/44 MP: 9/14
  4920 | D:3      | Reached skill level 5 in Dodging
  4924 | D:3      | Learned a level 3 spell: Tukima's Dance
  5604 | D:4      | Noticed a necrophage
  5691 | D:4      | Found a glowing drain.
  5767 | Sewer    | Entered a sewer
  6116 | Sewer    | HP: 2/44 [cloud of steam (8)]
  6120 | Sewer    | Reached XP level 7. HP: 10/50 MP: 13/15
  6573 | Sewer    | Found a glowing silver altar of Zin.
  6775 | D:4      | HP: 1/38 [necrophage (5)]
  7098 | D:5      | Entered Level 5 of the Dungeon
  8395 | D:4      | Reached XP level 8. HP: 30/57 MP: 12/16
  9864 | D:6      | Found a staircase to the Ecumenical Temple.
  9914 | D:7      | Reached skill level 7 in Stealth
 10448 | D:7      | Learned a level 3 spell: Dazzling Flash
 10514 | D:7      | Identified the +9 quarterstaff "Uvucod" {drain, rPois rN+
                  | Int+4}
 10837 | Temple   | Entered the Ecumenical Temple
 10987 | Temple   | Became a worshipper of Warmaster Okawaru
 11237 | D:6      | Reached XP level 9. HP: 49/65 MP: 16/18
 11691 | D:6      | Noticed pigah's ghost (novice OpWn)
 11716 | D:6      | Found a transporter.
 11731 | D:6      | Found a transporter.
 12328 | D:3      | Reached skill level 5 in Short Blades
 12718 | D:6      | Reached * piety under Okawaru
 13356 | D:8      | Noticed a cyclops
 13395 | D:8      | Reached skill level 5 in Invocations
 13475 | D:8      | Found a flagged portal.
 13488 | D:8      | Reached ** piety under Okawaru
 13492 | D:8      | Reached XP level 10. HP: 31/73 MP: 20/20
 13503 | D:8      | Reached skill level 5 in Fighting
 13503 | D:8      | Reached skill level 5 in Long Blades
 13503 | D:8      | Reached skill level 5 in Axes
 13503 | D:8      | Reached skill level 5 in Maces & Flails
 13503 | D:8      | Reached skill level 5 in Polearms
 13503 | D:8      | Reached skill level 5 in Staves
 13503 | D:8      | Reached skill level 5 in Slings
 13503 | D:8      | Reached skill level 5 in Bows
 13503 | D:8      | Reached skill level 5 in Crossbows
 13503 | D:8      | Reached skill level 5 in Throwing
 13503 | D:8      | Reached skill level 5 in Armour
 13503 | D:8      | Reached skill level 5 in Shields
 13503 | D:8      | Reached skill level 5 in Unarmed Combat
 13503 | D:8      | Reached skill level 5 in Evocations
 13685 | Bailey   | Entered a bailey
 13703 | Bailey   | Learned a level 2 spell: Searing Ray
 13807 | Bailey   | Found a burning altar of Makhleb.
 13807 | Bailey   | Noticed an orc knight
 13807 | Bailey   | Noticed an orc knight
 14021 | Bailey   | Killed an orc knight
 14021 | Bailey   | Reached *** piety under Okawaru
 14022 | Bailey   | Reached skill level 8 in Stealth
 14041 | Bailey   | Killed an orc knight
 14288 | D:8      | Found a glowing golden altar of the Shining One.
 14288 | D:8      | Found a bloodstained altar of Trog.
 14740 | D:8      | Killed a cyclops
 14740 | D:8      | Received a gift from Okawaru
 14948 | D:9      | Found a staircase to the Lair.
 14967 | Lair:1   | Entered Level 1 of the Lair of Beasts
 15798 | D:9      | Reached **** piety under Okawaru
 15837 | D:9      | Noticed a gargoyle
 15889 | D:9      | Noticed a cyan ugly thing
 15891 | D:10     | Entered Level 10 of the Dungeon
 16037 | D:10     | Noticed a two-headed ogre
 16493 | D:9      | Reached XP level 11. HP: 66/81 MP: 22/22
 16531 | D:9      | Slain by an orc warrior

Illustrated notes

Levels and vault maps discovered:
D:1:      dpeg_arrival_tiny_a, layout_loops_corners, basic_ecumenical_altar,
          serial_bayou, serial_bayou_shore_b, serial_bayou_shore_a,
          serial_bayou_pond_b, serial_bayou_ford_a
D:2:      layout_loops_ring
D:3:      layout_rooms, hangedman_decor_push, lightli_corner_chamber,
          uniq_grinder, uniq_robin
D:4:      layout_layer_cave, cheibrodos_sewer_entry_sluice
D:5:      layout_gridville, serial_park_tiny_1, minmay_misc_feat_plants
D:6:      layout_rooms, temple_fountains, gammafunk_ghost_stat_death
D:7:      layout_basic
D:8:      layout_rooms, gammafunk_temple_overflow_pools, enter_bailey_5,
          chequers_serial_rivers_micro_b
D:9:      minmay_the_grid_3x3 [minmay_the_grid_garden, minmay_the_grid_doors,
          minmay_the_grid_expand, minmay_the_grid_broken_lines,
          minmay_the_grid_outer_diamond, minmay_the_grid_zigzag_pyramid,
          minmay_the_grid_rooms, minmay_the_grid_outer_circle,
          minmay_the_grid_prize_shrinking_boxes], layout_cave_pools
D:10:     layout_long_grid, uniq_nergalle
Temple:   regret_index_temple_chain_breaker
Lair:1:   layout_chaotic_city, lemuel_fruit_fields, grunt_megastairs_5

Skill      XL: |  1  2  3  4  5  6  7  8  9 10 |
---------------+-------------------------------+-----
Spellcasting   | 5 6 7 |  7.8
Stealth        | 6 7 8 |  8.4
Invocations    | 1 2 3 4 5 6 |  6.4
Fighting       | 1 2 3 4 5 |  5.8
Long Blades    | 1 2 3 4 5 |  5.8
Axes           | 1 2 3 4 5 |  5.8
Maces & Flails | 1 2 3 4 5 |  5.8
Polearms       | 1 2 3 4 5 |  5.8
Staves         | 1 2 3 4 5 |  5.8
Slings         | 1 2 3 4 5 |  5.8
Bows           | 1 2 3 4 5 |  5.8
Crossbows      | 1 2 3 4 5 |  5.8
Throwing       | 1 2 3 4 5 |  5.8
Armour         | 1 2 3 4 5 |  5.8
Shields        | 1 2 3 4 5 |  5.8
Unarmed Combat | 1 2 3 4 5 |  5.8
Evocations     | 1 2 3 4 5 |  5.8
Conjurations   | 1 2 3 4 |  4.8
Summonings     | 1 2 3 4 |  4.8
Necromancy     | 1 2 3 4 |  4.8
Translocations | 1 2 3 4 |  4.8
Transmutations | 1 2 3 4 |  4.8
Fire Magic     | 1 2 3 4 |  4.8
Ice Magic      | 1 2 3 4 |  4.8
Air Magic      | 1 2 3 4 |  4.8
Earth Magic    | 1 2 3 4 |  4.8
Poison Magic   | 1 2 3 4 |  4.8
Short Blades   | 3 4 5 6 |  6.4
Dodging        | 5 6 7 |  7.5
Hexes          | 6 7 |  7.4

Action                   |  1- 3 |  4- 6 |  7- 9 | 10-12 || total
-------------------------+-------+-------+-------+-------++-------
Melee: Dagger            |   152 |   255 |    20 |       ||   427
       Bite              |    12 |    20 |    44 |    24 ||   100
       Punch             |       |     1 |     2 |       ||     3
       Short sword       |       |       |   248 |       ||   248
       Quarterstaff      |       |       |   178 |   177 ||   355
 Cast: Corona            |    26 |    12 |    24 |     7 ||    69
       Confusing Touch   |     2 |    20 |    46 |    22 ||    90
Evoke: Wand              |       |    11 |     6 |    10 ||    27
       Phantom mirror    |       |       |       |     1 ||     1
  Use: Potion            |     2 |     2 |     6 |     3 ||    13
       Scroll            |       |     3 |     7 |     2 ||    12
 Stab: Sleeping          |     8 |     3 |     6 |     2 ||    19
       Confused          |     1 |    13 |    24 |    15 ||    53
       Distracted        |       |     1 |     1 |       ||     2
Armor: Robe              |    16 |    23 |    76 |    28 ||   143
       Skin              |       |       |     7 |       ||     7
       Leather armour    |       |       |     2 |       ||     2
Dodge: Dodged            |    91 |   134 |   345 |   145 ||   715

Table legend: (Time is in decaauts)
 A = Elapsed time spent in this place.
 B = Non-inter-level travel time spent in this place.
 C = Inter-level travel time spent in this place.
 D = Time resting spent in this place.
 E = Time spent auto-exploring this place.
 F = Levels seen in this place.
 G = Mean time per level.
                   A        B        C        D        E       F      G
               +--------+--------+--------+--------+--------+-----+--------+
         Total |  16647 |  16042 |    605 |   1887 |   9501 |  14 | 1189.1 |
       Dungeon |  15025 |  14449 |    576 |   1245 |   9109 |  10 | 1502.5 |
        Temple |    165 |    136 |     29 |      0 |    128 |   1 |  165.0 |
          Lair |      1 |      1 |      0 |      0 |      0 |   1 |    1.0 |
         Sewer |    957 |    957 |      0 |    386 |    263 |   1 |  957.0 |
        Bailey |    496 |    496 |      0 |    256 |      0 |   1 |  496.0 |
               +--------+--------+--------+--------+--------+-----+--------+

Top non-repeatable levels by time:
     D:1: 2319 daAuts
     D:3: 2227 daAuts
     D:7: 1747 daAuts
     D:5: 1714 daAuts
     D:4: 1615 daAuts
     D:2: 1539 daAuts
     D:8: 1301 daAuts
     D:6: 1167 daAuts
   Sewer: 957 daAuts
     D:9: 804 daAuts
    D:10: 587 daAuts
  Bailey: 496 daAuts
  Temple: 165 daAuts
  Lair:1: 1 daAuts
